 Dungeon Crawl Stone Soup version 0.29-a0-553-g81b289dbe5 (webtiles) character file.

Game seed: 9802758898774155780

1430 testman the Basher (level 9, -1/81 HPs)
             Began as a Meteoran Fighter on June 6, 2022.
             Was a Believer of Qazlal.
             Slain by a gnoll sergeant
             ... wielding a +3 spear
              (8 damage)
             ... on level 5 of the Dungeon.
             The game lasted 00:17:19 (2142 turns).

testman the Basher (Meteoran Fighter)               Turns: 2142, Time: 00:17:19

Health: -1/81      AC:  8    Str: 22    XL:     9   Next: 23%
Magic:  12/12      EV:  9    Int: 10    God:    Qazlal [**....]
Gold:   194        SH:  0    Dex: 14    Spells: 8/8 levels left

rFire   + . .      SeeInvis .   h - +0 morningstar
rCold   + . .      Faith    .   c - +0 buckler
rNeg    . . .      Spirit   .   b - +0 scale mail
rPois   +          Reflect  .   p - +0 helmet
rElec   +          Harm     .   (no cloak)
rCorr   +          Rampage  .   (no gloves)
Will    +....                   (no boots)
Stlth   ..........              (no amulet)
HPRegen 0.23/turn               (no ring)
MPRegen 0.13/turn               (no ring)

@: confused, resistant, ambrosia-drunk, glowing
A: sense surroundings 2, otherworldly, glowing, explore regen
a: Renounce Religion, Upheaval


You were on level 5 of the Dungeon.
You worshipped Qazlal.
Qazlal was pleased with you.
You visited 1 branch of the dungeon, and saw 5 of its levels.

You collected 194 gold pieces.

Inventory:

Hand Weapons
 a - a +0 flail
 h - a +0 morningstar (weapon)
Missiles
 k - 9 poisoned darts (quivered)
 q - 3 throwing nets
 x - a boomerang
Armour
 b - a +0 scale mail (worn)
 c - a +0 buckler (worn)
 p - a +0 helmet (worn)
Wands
 r - a wand of flame (9)
Scrolls
 f - a scroll of noise {unknown}
 i - 3 scrolls of amnesia {unknown}
 l - a scroll of vulnerability
 m - a scroll of immolation
 n - a scroll of teleportation {unknown}
 u - a scroll of fear {unknown}
 v - a scroll of poison {unknown}
Potions
 e - a potion of cancellation
 g - a potion of haste
 o - a potion of might
 s - a potion of resistance
 w - a potion of degeneration {unknown}


   Skills:
 + Level 8.2 Fighting
 + Level 9.5 Maces & Flails
 - Level 4.0 Armour
 - Level 4.0 Shields
 + Level 3.9 Invocations


You had 8 spell levels left.
You didn't know any spells.
Your spell library contained the following spells:

 Spells                   Type           Power      Damage    Failure   Level
 Necrotize                Necr           0%         1d4       77%         1
 Slow                     Hex            0%         N/A       77%         1
 Confusing Touch          Hex            0%         N/A       98%         3
 Vampiric Draining        Necr           0%         2d6       98%         3
 Agony                    Necr           0%         N/A       100%        5


Dungeon Overview and Level Annotations

Branches:
Dungeon (5/15)
 Temple: D:4-7

Altars:
Elyvilon
Fedhas
Hepliaklqana
Kikubaaqudgha
Makhleb
Qazlal
Ru
Sif Muna
Trog
Vehumet
Yredelemnul


Innate Abilities, Weirdness & Mutations

You passively map the area around you.
You are easily found by Zot.
You glow in the dark.
You regain HP and MP as you explore.


Message History

The gnoll hits you with a +0 spear.
* * * LOW HITPOINT WARNING * * *
The adder barely misses you.
The gnoll sergeant hits you with a +3 spear.
* * * LOW HITPOINT WARNING * * *
The gnoll hits you with a +0 spear.
* * * LOW HITPOINT WARNING * * *
You barely miss the gnoll sergeant.
The gnoll sergeant is severely wounded.
You block the adder's attack. You block the gnoll sergeant's attack.
You block the gnoll's attack.
You barely miss the gnoll sergeant.
The gnoll sergeant is severely wounded.
The adder bites you but does no damage. The gnoll sergeant closely misses you.
The gnoll hits you with a +0 spear.
* * * LOW HITPOINT WARNING * * *
The adder misses you.
Unknown command.
You barely miss the adder. The adder bites you but does no damage.
You block the gnoll sergeant's attack. The gnoll hits you with a +0 spear.
* * * LOW HITPOINT WARNING * * *
You barely miss the adder. The adder barely misses you.
The gnoll sergeant barely misses you. The gnoll hits you with a +0 spear.
* * * LOW HITPOINT WARNING * * *
Unknown command.
The gnoll sergeant hits you from afar with a +3 spear!
* * * LOW HITPOINT WARNING * * *
The gnoll hits you but does no damage. The adder bites you but does no damage.
Unknown command.
It was a potion of resistance.
You feel protected. The adder barely misses you.
You block the gnoll sergeant's attack. You block the gnoll's attack.
It was a potion of magic.
Magic courses through your body. The adder bites you but does no damage.
You block the gnoll sergeant's attack. You block the gnoll's attack.
You are confused.
You feel invigorated. The adder bites you but does no damage.
The gnoll sergeant hits you from afar with a +3 spear!
You die...

....##.#.#.#.' * * ##.....
#..'.#.#.#.## , ,...#...
..#....#...# * ,, , ,
.$...####.#...#....# , * *
#.....#..#8...#..8# ,
######........###'####. ,
,#....#...##............ *
,, #....#ยง...#....#.......
* ++#....#@)...............
*, *
,,......g)S###.##..........
* *
,,......g..##..............
**
,,.........###.............
*
*++#....#........#.......)
*, *
,#....#.......#......... ,*
, #....#.......##.......#
** ######.......##.......#
* * * *#.........##......#


You could see a gnoll sergeant, a gnoll and an adder.

Vanquished Creatures
  2 black bears
  An ice beast (D:5)
  4 ogres (D:5)
  2 necrophages
  A gnoll sergeant (D:5)
  A howler monkey (D:5)
  2 hounds
  3 jellies
  An orc priest (D:5)
  2 gnoll shamans (D:5)
  Ijyb (D:4)
  An iguana (D:4)
  Robin (D:4)
  14 gnolls
  5 adders
  2 adder zombies (D:3)
  A worm (D:5)
  3 dart slugs
  12 orcs
  14 endoplasms
  A giant cockroach (D:2)
  11 goblins
  2 hobgoblins
  3 jackals (D:3)
  10 kobolds
  A quokka (D:2)
  3 ball pythons
  2 bats (D:3)
  A frilled lizard (D:3)
  5 rats
112 creatures vanquished.

Vanquished Creatures (others)
  4 fungi (D:3)
  6 plants
  7 toadstools (D:3)
17 creatures vanquished.

Grand Total: 129 creatures vanquished

Notes
Turn   | Place    | Note
-------+----------+-------------------------------------------
     0 | D:1      | testman the Meteoran Fighter began the quest for the Orb.
     0 | D:1      | Reached XP level 1. HP: 19/19 MP: 2/2
   115 | D:2      | Reached XP level 2. HP: 11/26 MP: 3/3
   116 | D:2      | Reached skill level 3 in Maces & Flails
   182 | D:2      | Reached XP level 3. HP: 28/31 MP: 4/4
   384 | D:3      | Found a stormy altar of Qazlal.
   385 | D:3      | Found an ancient bone altar of Kikubaaqudgha.
   385 | D:3      | Found a sacrificial altar of Ru.
   386 | D:3      | Found a hazy altar of Hepliaklqana.
   392 | D:3      | Became a worshipper of Qazlal Stormbringer
   414 | D:3      | Reached XP level 4. HP: 19/40 MP: 5/5
   480 | D:3      | Found a blossoming altar of Fedhas.
   491 | D:3      | Found a shimmering blue altar of Sif Muna.
   499 | D:3      | Found a burning altar of Makhleb.
   579 | D:3      | Reached skill level 4 in Maces & Flails
   666 | D:3      | Reached XP level 5. HP: 37/47 MP: 6/6
   679 | D:3      | Reached * piety under Qazlal
   681 | D:3      | Reached skill level 5 in Maces & Flails
   825 | D:3      | Found a basalt altar of Yredelemnul.
   902 | D:4      | Noticed a black bear
   905 | D:4      | Noticed a necrophage
   912 | D:4      | Killed a black bear
   913 | D:4      | Reached skill level 5 in Fighting
   913 | D:4      | Reached XP level 6. HP: 40/56 MP: 7/7
   920 | D:4      | Reached skill level 6 in Maces & Flails
   920 | D:4      | Reached XP level 7. HP: 40/62 MP: 8/8
   947 | D:4      | Noticed Robin
   955 | D:4      | Killed Robin
  1027 | D:4      | Noticed Ijyb
  1034 | D:4      | Killed Ijyb
  1137 | D:4      | Found a radiant altar of Vehumet.
  1169 | D:4      | Reached ** piety under Qazlal
  1396 | D:5      | Entered Level 5 of the Dungeon
  1420 | D:4      | Reached skill level 7 in Maces & Flails
  1786 | D:5      | Reached XP level 8. HP: 40/71 MP: 9/9
  1794 | D:5      | Reached skill level 8 in Maces & Flails
  1873 | D:5      | Found a white marble altar of Elyvilon.
  1939 | D:5      | Reached skill level 1 in Invocations
  2029 | D:5      | Reached skill level 9 in Maces & Flails
  2033 | D:5      | Gained mutation: You passively map the area around you.
                  | [Meteoran growth]
  2033 | D:5      | Reached XP level 9. HP: 41/81 MP: 10/12
  2069 | D:5      | Found a bloodstained altar of Trog.
  2139 | D:5      | HP: 1/81 [gnoll sergeant/+3 spear (8)]
  2142 | D:5      | Slain by a gnoll sergeant

Illustrated notes

Levels and vault maps discovered:
D:1:      minmay_arrival_stone_box, layout_basic
D:2:      layout_basic, dreamdust_ecumenical_altar_statues, serial_forest,
          infiniplex_forest_clump_small, infiniplex_forest_straight_4,
          infiniplex_forest_clump_curved, infiniplex_forest_split,
          infiniplex_forest_clump_cross, infiniplex_forest_clump_double,
          infiniplex_forest_clump_long, ebering_dispersal_statue_hall
D:3:      cheibrodos_fertilizer, layout_loops_ring, fedhas_ov_isle_minmay,
          chequers_temple_overflow_statue_of_worship,
          mainiacjoe_overflow_large_starburst, nicolae_yredelemnul_corpse_copse,
          kennysheep_generic_room_10
D:4:      layout_basic, vehumet_crystals, uniq_ijyb, uniq_duvessa, uniq_robin
D:5:      layout_cave_pools, overflow_temple_1_default, marbit_many_paths,
          serial_gnoll_camp, gnoll_camp_mini_house, gnoll_camp_medium_02,
          grums_kennel, minivault_1, kennysheep_generic_room_3

Skill      XL: |  1  2  3  4  5  6  7  8 |
---------------+-------------------------+-----
Maces & Flails | 3 4 5 6 7 9 |  9.5
Armour         | 4 |  4.0
Shields        | 4 |  4.0
Fighting       | 4 5 6 8 |  8.2
Invocations    | 3 |  3.9

Action                   |  1- 3 |  4- 6 |  7- 9 || total
-------------------------+-------+-------+-------++-------
Melee: Flail             |    15 |       |       ||    15
       Morningstar       |    53 |    98 |   157 ||   308
Throw: Dart              |       |     1 |     5 ||     6
Invok: Upheaval          |       |       |     2 ||     2
  Use: Potion            |       |     1 |     5 ||     6
       Scroll            |       |       |     5 ||     5
Armor: Scale mail        |    36 |    52 |    82 ||   170
Dodge: Dodged            |    33 |    36 |    78 ||   147
Block: Buckler           |    13 |    24 |    67 ||   104

Table legend: (Time is in decaauts)
 A = Elapsed time spent in this place.
 B = Non-inter-level travel time spent in this place.
 C = Inter-level travel time spent in this place.
 D = Time resting spent in this place.
 E = Time spent auto-exploring this place.
 F = Levels seen in this place.
 G = Mean time per level.
                   A        B        C        D        E       F      G
               +--------+--------+--------+--------+--------+-----+--------+
         Total |   2222 |   2155 |     67 |    328 |    655 |   5 |  444.4 |
       Dungeon |   2222 |   2155 |     67 |    328 |    655 |   5 |  444.4 |
               +--------+--------+--------+--------+--------+-----+--------+

Top non-repeatable levels by time:
     D:4: 907 daAuts
     D:3: 507 daAuts
     D:5: 407 daAuts
     D:2: 340 daAuts
     D:1: 59 daAuts
